 Dungeon Crawl Stone Soup version 0.28-a0-773-g130ae17fe5 (webtiles) character file.

Game seed: 7419132972470175558

445 pokeman the Magician (level 6, 0/34 HPs)
             Began as a Deep Elf Hedge Wizard on Nov 1, 2021.
             Slain by a centaur (2 damage)
             ... on level 4 of the Dungeon.
             The game lasted 00:09:06 (4433 turns).

pokeman the Magician (Deep Elf Hedge Wizard)        Turns: 4433, Time: 00:09:07

Health: 0/34       AC:  5    Str:  7    XL:     6   Next: 72%
Magic:  5/18       EV: 12    Int: 21    God:
Gold:   115        SH:  0    Dex: 14    Spells: 8/19 levels left

rFire   + . .      SeeInvis .   a - +0 dagger
rCold   . . .      Faith    .   (no shield)
rNeg    . . .      Spirit   .   u - +0 leather armour
rPois   .          Reflect  .   c - +0 hat
rElec   .          Harm     .   (no cloak)
rCorr   .          Rampage  .   k - +0 pair of gloves
Will    .....                   p - +0 pair of boots
Stlth   ++........              (no amulet)
HPRegen 0.11/turn               e - ring of protection from fire
MPRegen 0.16/turn               (no ring)

@: no status effects
A: no striking features
a: no special abilities


You were on level 4 of the Dungeon.
You visited 1 branch of the dungeon, and saw 4 of its levels.

You collected 115 gold pieces.

Inventory:

Hand Weapons
 a - a +0 dagger (weapon)
Missiles
 o - 10 arrows
 s - 17 bolts
Armour
 c - a +0 hat (worn)
 k - a +0 pair of gloves (worn)
 p - a +0 pair of boots (worn)
 u - a +0 leather armour (worn)
Jewellery
 e - a ring of protection from fire (left hand)
Wands
 r - a wand of flame (24)
Scrolls
 d - a scroll of amnesia {unknown}
 f - 2 scrolls of identify {unknown}
 g - 3 scrolls of teleportation {unknown}
 h - 3 scrolls of holy word {unknown}
 j - 2 scrolls of enchant armour {unknown}
 l - a scroll of magic mapping {unknown}
 m - a scroll of blinking {unknown}
 n - a scroll of fear {unknown}
Potions
 i - a potion of berserk rage {unknown}
 q - 2 potions of brilliance {unknown}
 t - a potion of attraction {unknown}


   Skills:
 + Level 1.4 Fighting
 - Level 1.0 Armour
 - Level 3.0 Dodging
 - Level 3.2 Stealth
 * Level 7.3 Spellcasting
 + Level 3.4 Conjurations
 - Level 1.1 Summonings
 - Level 1.1 Translocations
 - Level 1.0 Fire Magic
 - Level 1.4 Air Magic
 - Level 1.0 Poison Magic
 + Level 0.2 Evocations


You had 8 spell levels left.
You knew the following spells:

 Your Spells              Type           Power      Damage    Failure   Level
a - Magic Dart            Conj           88%        1d7       3%          1
b - Mephitic Cloud        Conj/Pois/Air  16%        N/A       17%         3
c - Call Imp              Summ           12%        N/A       12%         2
d - Blink                 Tloc           24%        N/A       12%         2
e - Conjure Flame         Conj/Fire      17%        6-21      14%         3

Your spell library contained the following spells:

 Spells                   Type           Power      Damage    Failure   Level
 Slow                     Hex            28%        N/A       12%         1


Dungeon Overview and Level Annotations

Branches:
Dungeon (4/15)
 Temple: D:4-7

Altars:
Xom
Yredelemnul


Message History

The ball explodes into a vile cloud!
The stinking cloud engulfs the centaur but does no damage.
The centaur is severely wounded.
The stinking cloud engulfs you but does no damage.
You are engulfed in noxious fumes.
You choke on the stench!
You are confused.
* * * LOW HITPOINT WARNING * * *
The centaur is engulfed in noxious fumes.
The centaur appears confused.
The centaur barely misses you.
The centaur kicks you but does no damage.
You bump into the closed door.
You are engulfed in noxious fumes.
You choke on the stench!
You are more confused.
* * * LOW HITPOINT WARNING * * *
The centaur is engulfed in noxious fumes. x2
The centaur appears confused.
Unknown command.
The centaur is engulfed in noxious fumes.
The centaur appears confused.
The centaur closely misses you. The centaur barely misses you.
The centaur completely misses you. The centaur kicks you.
* * * LOW HITPOINT WARNING * * *
You feel less confused.
You hit the centaur but do no damage.
The centaur is severely wounded.
The centaur barely misses you. The centaur completely misses you.
You barely miss the centaur.
The centaur is severely wounded.
The centaur hits you.
* * * LOW HITPOINT WARNING * * *
The centaur barely misses you.
Casting: Mephitic Cloud (quite dangerous; 17% risk of failure)
Confirm with . or Enter, or press ? or * to list all spells.
Aiming: Magic Dart (safe; 3% risk of failure)
Press: ? - help, Shift-Dir - straight line, f/p - centaur
Aim: a centaur, quivering arrows (severely wounded, confused, 100% to hit)
The magic dart hits the centaur.
The centaur is almost dead.
The centaur hits you.
You die...

..#+## #....# +....# #....#
#....# ##+######....#
#.......'....# # #c......#....#
+.. #@......#....# #..
##+##..##....#####
#..##..##'####'#......
#####+#....#........c.#...#......
.#....#....#..........#...'......
.#....#....#..........'...#......
.##...#....'.....)##..##..#......
.##...#....#####..######..#......
.##...#....#..##[.##......#######


You could see a centaur (confused).

Vanquished Creatures
  2 orc priests
  2 hounds (D:3)
  An iguana (D:3)
  Ijyb (D:4)
  2 orc wizards (D:4)
  2 adders (D:2)
  A worm (D:2)
  2 dart slugs
  An orc (D:3)
  3 bats
  7 endoplasms
  6 goblins
  4 hobgoblins
  4 jackals (D:2)
  3 kobolds
  5 ball pythons
  3 rats (D:1)
49 creatures vanquished.

Vanquished Creatures (collateral kills)
  Sigmund (D:4)
  A worm (D:4)
2 creatures vanquished.

Grand Total: 51 creatures vanquished

Notes
Turn   | Place    | Note
-------+----------+-------------------------------------------
     0 | D:1      | pokeman the Deep Elf Hedge Wizard began the quest for the
                  | Orb.
     0 | D:1      | Reached XP level 1. HP: 10/10 MP: 7/7
   404 | D:1      | Reached XP level 2. HP: 15/15 MP: 4/9
  1095 | D:2      | Found a basalt altar of Yredelemnul.
  1121 | D:2      | Reached skill level 5 in Spellcasting
  1339 | D:2      | Found a faded altar of an unknown god.
  1362 | D:2      | Reached XP level 3. HP: 20/20 MP: 5/11
  1366 | D:2      | Learned a level 3 spell: Mephitic Cloud
  1369 | D:2      | Learned a level 2 spell: Call Imp
  1372 | D:2      | Learned a level 2 spell: Blink
  1376 | D:2      | Learned a level 3 spell: Conjure Flame
  1556 | D:2      | Reached skill level 1 in Armour
  2047 | D:2      | Reached skill level 1 in Fighting
  2372 | D:3      | Reached XP level 4. HP: 19/25 MP: 6/13
  2611 | D:3      | Reached skill level 1 in Fire Magic
  2925 | D:3      | Reached skill level 6 in Spellcasting
  2925 | D:3      | Reached XP level 5. HP: 12/29 MP: 1/15
  3500 | D:3      | Found a shimmering altar of Xom.
  3565 | D:4      | Noticed Ijyb
  3656 | D:4      | Noticed Sigmund
  3673 | D:4      | Killed Sigmund
  3674 | D:4      | Reached skill level 1 in Air Magic
  3674 | D:4      | Reached XP level 6. HP: 20/34 MP: 7/17
  3923 | D:4      | Reached skill level 7 in Spellcasting
  4259 | D:4      | Reached skill level 1 in Poison Magic
  4290 | D:4      | Killed Ijyb
  4433 | D:4      | Slain by a centaur

Illustrated notes

Levels and vault maps discovered:
D:1:      psy_arrival_terrarium, layout_basic, minmay_misc_feat_cross,
          minivault_5
D:2:      layout_basic, dreamdust_ecumenical_altar_grove, basic_altar
D:3:      layout_basic, tgw_xom
D:4:      layout_gridville, kennysheep_potato, uniq_sigmund, uniq_ijyb,
          uniq_menkaure

Skill      XL: |  1  2  3  4  5  6 |
---------------+-------------------+-----
Spellcasting   | 5 6 7 |  7.3
Armour         | 1 |  1.0
Fighting       | 1 |  1.4
Conjurations   | 2 3 |  3.4
Fire Magic     | 1 |  1.0
Dodging        | 3 |  3.0
Stealth        | 3 |  3.2
Air Magic      | 1 |  1.4
Poison Magic   | 1 |  1.0
Summonings     | |  1.1
Translocations | |  1.1
Evocations     | |  0.2

Action                   |  1- 3 |  4- 6 || total
-------------------------+-------+-------++-------
Melee: Dagger            |     6 |    21 ||    27
 Cast: Magic Dart        |   101 |    70 ||   171
       Mephitic Cloud    |       |    11 ||    11
       Conjure Flame     |       |     5 ||     5
       Call Imp          |       |     2 ||     2
 Stab: Confused          |       |     2 ||     2
Armor: Robe              |     5 |     2 ||     7
       Leather armour    |       |     4 ||     4
Dodge: Dodged            |    22 |    41 ||    63

Table legend: (Time is in decaauts)
 A = Elapsed time spent in this place.
 B = Non-inter-level travel time spent in this place.
 C = Inter-level travel time spent in this place.
 D = Time resting spent in this place.
 E = Time spent auto-exploring this place.
 F = Levels seen in this place.
 G = Mean time per level.
                   A        B        C        D        E       F      G
               +--------+--------+--------+--------+--------+-----+--------+
         Total |   4434 |   4269 |    165 |    313 |   3414 |   4 | 1108.5 |
       Dungeon |   4434 |   4269 |    165 |    313 |   3414 |   4 | 1108.5 |
               +--------+--------+--------+--------+--------+-----+--------+

Top non-repeatable levels by time:
     D:3: 1635 daAuts
     D:2: 1198 daAuts
     D:1: 1083 daAuts
     D:4: 517 daAuts
